 Dungeon Crawl Stone Soup version 0.29-a0-275-g389c0b56f3 (webtiles) character file.

Game seed: 7276185369184442131

655115 jlumianski the Slayer (level 27, -8/214 (245) HPs)
             Began as a Demonspawn Fighter on Mar 10, 2022.
             Was a High Priest of Okawaru.
             Killed from afar by a shard shrike (43 damage)
             ... with a shard of ice
             ... on level 4 of the Realm of Zot.
             The game lasted 10:42:25 (92516 turns).

jlumianski the Slayer (Demonspawn Fighter)         Turns: 92516, Time: 10:42:29

HP:   -8/214 (245)  AC: 48    Str: 41 (43) XL:     27
MP:   0/36          EV: 11    Int:  2 (6)  God:    Okawaru [*****.]
Gold: 5117          SH:  0    Dex: 14 (21) Spells: 26/26 levels left

rFire   + . .      SeeInvis +   f - +7 lajatang of Order {silver, rMut}
rCold   . . .      Faith    .   (shield currently unavailable)
rNeg    . . .      Spirit   +   V - +10 crystal plate armour of Daffodils {*Corrode rPois Will+ Str+8}
rPois   +          Reflect  .   n - +1 helmet of Disappointment {Rampage Will+}
rElec   .          Harm     .   q - +1 cloak "Bephaifa" {rPois Str+6 Int-3}
rCorr   .          Rampage  +   e - +0 pair of gloves of Indecent Exposure {Str+2 SInv}
rMut    +                       (boots unavailable)
Will    ++++.                   s - amulet of regeneration
Stlth   ..........              i - +4 ring of slaying
HPRegen 1.25/turn               a - +4 ring of slaying
MPRegen 0.50/turn

@: hasted, heavily drained, very quick
A: hooves 3, molten scales 3, spiny 3, augmentation 3, magic shield, magic
regeneration, magic link, thin skeletal structure 1, see invisible, agile 1
}: 4/15 runes: decaying, serpentine, slimy, silver
a: Renounce Religion, Heroism, Finesse, Duel


You were on level 4 of the Realm of Zot.
You worshipped Okawaru.
Okawaru was extremely pleased with you.
You visited 14 branches of the dungeon, and saw 64 of its levels.
You visited the Abyss 2 times.
You visited 1 bazaar.
You visited 1 ziggurat, and saw 10 of its levels.
You also visited: Sewer, Ice Cave, Volcano, Wizlab and Desolation.

You collected 7266 gold pieces.
You spent 2149 gold pieces at shops.

Inventory:

Hand Weapons
 c - the +10 broad axe of Equilibrium {freeze, rF++ rC- Str+4 Dex+2}
   (Okawaru gifted it to you on level 3 of the Swamp)

   It freezes those it strikes, dealing additional cold damage.
   It can also slow down cold-blooded creatures.
   Str:       It affects your strength (+4).
   Dex:       It affects your dexterity (+2).
   rF:        It greatly protects you from fire.
   rC:        It makes you vulnerable to cold.
 f - the +7 lajatang of Order (weapon) {silver, rMut}
   (You took it off a tengu reaver on level 4 of the Vaults)

   It inflicts extra damage upon those it strikes, and deals substantially
   increased damage to chaotic, mutated and magically transformed beings.
   rMut:      It protects you from mutation.
 A - the +10 mace "Kiozai Weba" {elec, Str+4 Int-4 Dex+5}
   (You found it on level 3 of the Lair of Beasts)

   It occasionally discharges a powerful burst of electricity upon striking a
   foe.
   Str:       It affects your strength (+4).
   Int:       It affects your intelligence (-4).
   Dex:       It affects your dexterity (+5).
 U - the +8 mithril axe "Arga" {speed, Will+}
   (Okawaru gifted it to you on level 6 of the Lair of Beasts)

   Attacks with this weapon are significantly faster.
   Will:      It increases your willpower.
Missiles
 k - 5 boomerangs
 y - 3 throwing nets (quivered)
 E - 6 silver boomerangs
Armour
 e - the +0 pair of gloves of Indecent Exposure (worn) {Str+2 SInv}
   (Okawaru gifted it to you on level 12 of the Dungeon)

   Str:       It affects your strength (+2).
   SInv:      It lets you see invisible.
 m - the +0 helmet of the Lotus Blossom {rN+}
   (Okawaru gifted it to you on level 5 of the Lair of Beasts)

   rN:        It protects you from negative energy.
 n - the +1 helmet of Disappointment (worn) {Rampage Will+}
   (You found it on level 12 of the Dungeon)

   Rampage:   It bestows one free step when moving towards enemies.
   Will:      It increases your willpower.
 q - the +1 cloak "Bephaifa" (worn) {rPois Str+6 Int-3}
   (You found it on level 9 of the Dungeon)

   Str:       It affects your strength (+6).
   Int:       It affects your intelligence (-3).
   rPois:     It protects you from poison.
 M - the +5 tower shield of Xagruapi {rC+}
   (Okawaru gifted it to you on level 3 of the Elven Halls)

   rC:        It protects you from cold.
 V - the +10 crystal plate armour of Daffodils (worn) {*Corrode rPois Will+ Str+8}
   (Okawaru gifted it to you on level 4 of the Snake Pit)

   Str:       It affects your strength (+8).
   rPois:     It protects you from poison.
   *Corrode:  It may corrode you when you take damage.
   Will:      It increases your willpower.
Jewellery
 a - a +4 ring of slaying (right hand)
 b - a ring of protection from cold
 i - a +4 ring of slaying (left hand)
 p - the ring "Weckelo" {rPois rN+ rCorr}
   (You found it on level 9 of the Dungeon)

   [ring of poison resistance]

   rPois:     It protects you from poison.
   rN:        It protects you from negative energy.
   rCorr:     It protects you from acid and corrosion.
 s - an amulet of regeneration (around neck)
 B - the ring of Gekeym {*Corrode rN+ Will+ Int+5 Stlth+}
   (You found it on level 6 of the Lair of Beasts)

   [ring of positive energy]

   Int:       It affects your intelligence (+5).
   rN:        It protects you from negative energy.
   *Corrode:  It may corrode you when you take damage.
   Will:      It increases your willpower.
   Stlth:     It makes you more stealthy.
 G - the ring "Zoytz" {rCorr EV+4}
   (You took it off a deep elf pyromancer on level 3 of the Elven Halls)

   [ring of evasion]

   EV:        It affects your evasion (+4).
   rCorr:     It protects you from acid and corrosion.
 Q - a ring of protection from cold
Wands
 l - a wand of mindburst (23)
 J - a wand of acid (37)
 N - a wand of iceblast (42)
 R - a wand of digging (2)
Scrolls
 h - 6 scrolls of blinking
 j - 19 scrolls of teleportation
 z - 10 scrolls of fog
 D - 6 scrolls of fear
 F - 2 scrolls of immolation
 O - 5 scrolls of magic mapping
 P - 2 scrolls of holy word
 S - 5 scrolls of silence
Potions
 d - 8 potions of might
 o - a potion of heal wounds
 r - 26 potions of curing
 t - 2 potions of berserk rage
 v - 6 potions of resistance
 x - 4 potions of haste
 C - 11 potions of flight
 I - 4 potions of invisibility
 K - 13 potions of attraction
 L - a potion of ambrosia
 X - 8 potions of cancellation
Miscellaneous
 g - a phial of floods
 u - a condenser vane
 w - a lightning rod (4/4)
 H - a tin of tremorstones (2/2)


   Skills:
 + Level 26.1 Fighting
 - Level 17.9(18.0) Axes
 + Level 2.8(14.5) Maces & Flails
 * Level 13.1(13.2) Staves
 + Level 3.0 Throwing
 + Level 19.5 Armour
 + Level 6.7 Dodging
 - Level 3.0 Stealth
 + Level 21.5 Shields
 - Level 18.4 Invocations
 - Level 15.2 Evocations


You had 26 spell levels left.
You didn't know any spells.
Your spell library contained the following spells:

 Spells                   Type           Power      Damage    Failure   Level
 Apportation              Tloc           0%         N/A       98%         1
 Beastly Appendage        Tmut           0%         N/A       98%         1
 Foxfire                  Conj/Fire      0%         2x1d4     98%         1
 Magic Dart               Conj           0%         1d3       98%         1
 Pain                     Necr           0%         1d4       98%         1
 Sandblast                Erth           0%         2d4       98%         1
 Shock                    Conj/Air       0%         1d3       98%         1
 Slow                     Hex            0%         N/A       98%         1
 Sting                    Tmut/Pois      0%         1d3       98%         1
 Blink                    Tloc           0%         N/A       99%         2
 Corpse Rot               Necr/Air       0%         N/A       99%         2
 Passwall                 Tmut/Erth      0%         N/A       99%         2
 Poisonous Vapours        Pois/Air       0%         N/A       99%         2
 Scorch                   Fire           0%         2d5       99%         2
 Searing Ray              Conj           0%         2d4       99%         2
 Static Discharge         Conj/Air       0%         N/A       99%         2
 Confusing Touch          Hex            0%         N/A       100%        3
 Conjure Flame            Conj/Fire      0%         6-21      100%        3
 Dazzling Flash           Conj/Hex       0%         N/A       100%        3
 Gell's Gravitas          Tloc           0%         N/A       100%        3
 Ignite Poison            Fire/Tmut/Pois 0%         N/A       100%        3
 Inner Flame              Hex/Fire       0%         N/A       100%        3
 Lesser Beckoning         Tloc           0%         N/A       100%        3
 Mephitic Cloud           Conj/Pois/Air  0%         N/A       100%        3
 Ozocubu's Armour         Ice            0%         N/A       100%        3
 Spider Form              Tmut/Pois      0%         N/A       100%        3
 Stone Arrow              Conj/Erth      0%         3d7       100%        3
 Swiftness                Air            0%         N/A       100%        3
 Teleport Other           Tloc           0%         N/A       100%        3
 Vampiric Draining        Necr           0%         2d6       100%        3
 Airstrike                Air            0%         N/A       100%        4
 Anguish                  Hex/Necr       0%         N/A       100%        4
 Cause Fear               Hex            0%         N/A       100%        4
 Dispel Undead            Necr           0%         3d6       100%        4
 Flame Wave               Conj/Fire      0%         2d4       100%        4
 Fulminant Prism          Conj/Hex       0%         3d6       100%        4
 Hailstorm                Conj/Ice       0%         3d3       100%        4
 Ice Form                 Ice/Tmut       0%         N/A       100%        4
 Iskenderun's Mystic Bla  Conj/Tloc      0%         2d3       100%        4
 Leda's Liquefaction      Hex/Erth       0%         N/A       100%        4
 Olgreb's Toxic Radiance  Pois           0%         N/A       100%        4
 Passage of Golubria      Tloc           0%         N/A       100%        4
 Sticky Flame             Conj/Fire      0%         2d3       100%        4
 Agony                    Necr           0%         N/A       100%        5
 Alistair's Intoxication  Tmut/Pois      0%         N/A       100%        5
 Blade Hands              Tmut           0%         N/A       100%        5
 Borgnjor's Vile Clutch   Necr/Erth      0%         N/A       100%        5
 Freezing Cloud           Conj/Ice/Air   0%         6-21      100%        5
 Irradiate                Conj/Tmut      0%         3d14      100%        5
 Lee's Rapid Deconstruct  Erth           0%         3d5*      100%        5
 Lightning Bolt           Conj/Air       0%         1d11      100%        5
 Metabolic Englaciation   Hex/Ice        0%         N/A       100%        5
 Silence                  Hex/Air        0%         N/A       100%        5
 Yara's Violent Unravell  Hex/Tmut       0%         3d3       100%        5
 Conjure Ball Lightning   Conj/Air       0%         3x3d6     100%        6
 Dispersal                Tloc           0%         N/A       100%        6
 Eringya's Noxious Bog    Tmut/Pois      0%         N/A       100%        6
 Iron Shot                Conj/Erth      0%         9d1       100%        6
 Statue Form              Tmut/Erth      0%         N/A       100%        6
 Dragon Form              Tmut           0%         N/A       100%        7
 Enfeeble                 Hex            0%         N/A       100%        7
 Ozocubu's Refrigeration  Ice            0%         4d5       100%        7
 Borgnjor's Revivificati  Necr           0%         N/A       100%        8
 Discord                  Hex            0%         N/A       100%        8
 Disjunction              Tloc           0%         N/A       100%        8
 Ignition                 Fire           0%         3d3       100%        8
 Lehudib's Crystal Spear  Conj/Erth      0%         10d2      100%        8
 Maxwell's Capacitive Co  Air            0%         ∞         100%        8
 Necromutation            Tmut/Necr      0%         N/A       100%        8
 Chain Lightning          Conj/Air       0%         N/A       100%        9
 Death's Door             Necr           0%         N/A       100%        9
 Fire Storm               Conj/Fire      0%         5d1       100%        9
 Polar Vortex             Ice            0%         N/A       100%        9
 Shatter                  Erth           0%         3d5*      100%        9
 Animate Skeleton         Necr           Unusable   N/A       N/A         1
 Summon Small Mammal      Summ           Unusable   N/A       N/A         1
 Call Canine Familiar     Summ           Unusable   N/A       N/A         3
 Summon Guardian Golem    Hex/Summ       Unusable   N/A       N/A         3
 Tukima's Dance           Hex            Unusable   N/A       N/A         3
 Animate Armour           Summ/Erth      Unusable   N/A       N/A         4
 Animate Dead             Necr           Unusable   N/A       N/A         4
 Summon Lightning Spire   Summ/Air       Unusable   N/A       N/A         4
 Death Channel            Necr           Unusable   N/A       N/A         6
 Simulacrum               Ice/Necr       Unusable   N/A       N/A         6
 Summon Cactus Giant      Summ           Unusable   N/A       N/A         6
 Spellforged Servitor     Conj/Summ      Unusable   N/A       N/A         7
 Summon Horrible Things   Summ           Unusable   N/A       N/A         8

Dungeon Overview and Level Annotations

Branches:
Dungeon (15/15)            Temple (1/1) D:5            Lair (6/6) D:11
  Swamp (4/4) Lair:4        Snake (4/4) Lair:3        Slime (5/5) Lair:6
    Orc (2/2) D:12            Elf (3/3) Orc:2        Vaults (5/5) D:13
  Crypt (0/3) Vaults:2     Depths (4/4) D:15           Hell (visited)
    Dis (0/7) Hell            Geh (5/7) Hell            Coc (0/7) Hell
    Tar (5/7) Hell            Zot (4/5) Depths:4      Sewer (visited)
  IceCv (visited)         Volcano (visited)          WizLab (visited)
Desolation (visited)

Altars:
Ashenzari
Cheibriados
Dithmenos
Elyvilon
Fedhas
Gozag
Hepliaklqana
Kikubaaqudgha
Makhleb
Nemelex Xobeh
Okawaru
Qazlal
Ru
Sif Muna
Trog
Uskayaw
Vehumet
Wu Jian
Xom
Yredelemnul
Zin
The Shining One

Shops:
D:5 (   D:6 *   D:12 [(   D:13 ([=   D:14 (   Orc:2 [(:[   Elf:2 =   Snake:1 (=
Snake:2 :=:   Snake:4 *   Vaults:3 !   Vaults:4 *   Vaults:5 !

Portals:
Hell: Depths:1 Depths:2 Depths:3 Depths:4
Abyss: Depths:2 Depths:3
Pandemonium: Depths:2


Innate Abilities, Weirdness & Mutations

You have hooves in place of feet.
You are completely covered in molten scales. (AC +4, rF+)
You are completely covered in sharp spines.
Your magical and physical power is greatly enhanced at high health.
When hurt, damage is shared between your health and your magic reserves.
You regenerate magic rapidly.
When low on magic, you restore magic in place of health.
You have a somewhat thin skeletal structure. (Dex +2, Stealth+)
You have supernaturally acute eyesight. (SInv)
You are agile. (Dex +2)


Message History

The red draconian struggles against the net.
The red draconian struggles against the net.
The black draconian breathes lightning at you.
The bolt of lightning hits you!!
The shard shrike claws you but does no damage.
The shard shrike attacks as you move away!
The shard shrike completely misses you.
The shard shrike claws you but does no damage.
The shard shrike screeches!
The shard shrike claws you! The shard shrike freezes you!!!
The shard shrike attacks as you move away!
The shard shrike is struck by your spines.
The shard shrike closely misses you. The shard shrike claws you.
The shard shrike freezes you!!
The shard shrike claws you but does no damage.
You slash the shard shrike! Your kick misses the shard shrike.
The shard shrike is lightly wounded.
The shard shrike claws you but does no damage.
You slice the shard shrike!! You kick the shard shrike!
Your punch misses the shard shrike.
The shard shrike is severely wounded.
The shard shrike is struck by your spines.
The shard shrike closely misses you.
The shard shrike screeches!
The shard shrike spits a shard of ice at you.
The shard of ice hits you!!
The orb of fire glows yellow.
The bolt of fire hits you but does no damage.
The shard shrike claws you! The shard shrike freezes you!!!
* * * LOW HITPOINT WARNING * * *
You feel yourself speed up.
The shard shrike is struck by your spines.
The shard shrike misses you.
f - the +7 lajatang of Order (weapon)
{silver, rMut} The orb of fire glows bright magenta.
Strange energies course through your body.
You feel odd for a moment.
The shard shrike spits a shard of ice at you.
The shard of ice hits you!!!
You die...

.#..### ###### #..........##..#
##..# ##....###...........##.#
##.## ##..##................#..#
#.# ##.######.........##...# .#
#.###..# ###..##......# ....#
##..##.####.....##.....###...#
........##....).........# ...#
.....###......#.........# #...
###### ##....)##@.......###.. #.
. ##.#...#..........##.. #. ≈.
#..##...b.........##... #.
#≈.*Z≈##.....*...[........#....#.
#≈d≈.≈#..##....###.............#.
#.≈.≈##..#.d#...##.##.........[..
..≈.≈#...dd.#......##............
.≈.≈d#...q.........##...........†
.≈≈≈....d###.......>.............


You could see an orb of fire, a shard shrike (catching breath), a black
draconian, 2 draconians and a red draconian scorcher.

Vanquished Creatures
  the Royal Jelly (Arena)
  A dread lich (Vaults:4)
  An orb of fire (Zot:3)
  Mara (Snake:4)
  2 juggernauts (Depths:4)
  A pandemonium lord (Zig:2)
  A shard shrike (Zig:4)
  Frederick (Vaults:2)
  A Killer Klown (Zot:3)
  Vashnia (Snake:2)
  3 curse toes
  Xtahua (Vaults:4)
  5 caustic shrikes (Depths:4)
  Nikola (Vaults:1)
  10 golden dragons
  Geryon (Hell)
  Jory (Vaults:2)
  2 profane servitors
  4 Tzitzimimeh
  3 bone dragons
  2 doom hounds
  2 Brimstone Fiends
  3 electric golems
  18 tentacled monstrosities
  An iron giant (Zig:5)
  A hellephant (Geh:4)
  2 tainted leviathans
  4 deep elf blademasters (Elf:3)
  4 liches
  5 searing wretches
  Mlioglotl (Snake:4)
  3 deep elf master archers (Elf:3)
  3 quicksilver dragons
  Asterion (Depths:1)
  3 titans (Vaults:4)
  A kraken (Abyss:3)
  3 sphinxes
  2 Executioners
  3 death cobs
  15 acid blobs
  2 ancient champions (Vaults:2)
  8 tentacled starspawn
  6 shadow dragons
  Kirke (D:13)
  3 thorn hunters
  4 draconian monks
  17 storm dragons
  The ghost of Hywoepirr the Bludgeoner, a journeyman OgSu of Trog (Lair:6)
  3 tengu reavers
  3 revenants (Zig:8)
  Roxanne (D:15)
  5 nagarajas
  6 draconian knights
  11 azure jellies
  2 daevas
  26 fire giants
  6 frost giants
  11 rockslimes
  14 vault wardens
  2 quicksilver elementals (Zig:5)
  14 deep elf sorcerers
  3 iron dragons
  An angel (WizLab)
  3 imperial myrmidons (Desolation)
  A ghost moth (Zot:3)
  3 draconian stormcallers
  A curse skull (Zig:8)
  3 draconian scorchers
  16 balrugs
  A cacodemon (Hell)
  4 ghouls (Swamp:3)
  5 draconian shifters
  3 deep elf elementalists
  23 ironbound preservers
  14 stone giants
  6 draconian annihilators
  3 reapers
  A caustic shrike skeleton (Abyss:4)
  14 ironbound thunderhulks
  A spriggan defender (Depths:1)
  5 quicksilver oozes
  13 green draconians
  7 war gargoyles
  6 deep elf demonologists
  6 black draconians
  Nessos (D:13)
  24 very ugly things
  2 vampire knights (Depths:1)
  5 eleionomae
  9 putrid mouths
  2 spectral titans (Tar:2)
  13 white draconians
  2 dire elephants (Vaults:1)
  4 entropy weavers
  14 deep elf annihilators
  2 purple draconians
  11 spark wasps
  7 yellow draconians
  The ghost of IdlyInterested the Carver, a journeyman DsGl (Lair:5)
  3 bunyips
  2 halazid warlocks (Desolation)
  9 red draconians
  5 eidola
  5 blizzard demons
  A green death (Depths:2)
  9 deep elf death magi
  4 crystal guardians
  An iron golem (Zig:5)
  2 merfolk impalers
  A merfolk javelineer (Depths:4)
  5 shambling mangroves
  2 spectral quicksilver dragons
  The ghost of testman the Lord of Darkness, a journeyman DDNe of Kikubaaqudgha (Lair:2)
  A spectral golden dragon (Tar:2)
  12 ettins
  6 ragged hierophants (Desolation)
  A spectral spriggan (Tar:1)
  Snorg (D:13)
  A spectral iron giant (Tar:1)
  30 vault guards
  13 deep elf high priests
  12 great orbs of eyes
  5 fire dragons
  16 yaktaur captains
  Josephine (D:13)
  2 jiangshi (Depths:2)
  A servant of whispers (Desolation)
  Fannar (D:11)
  19 naga warriors
  5 ice dragons
  17 peacekeepers
  9 salamander tyrants
  17 hydras
  6 ghost crabs
  2 spriggan air magi
  A fenstrider witch zombie (Hell)
  6 boulder beetles
  11 ironbound frosthearts
  3 rakshasas
  2 ogre magi (Vaults:5)
  3 catoblepae
  3 stokers
  5 anacondas
  8 two-headed ogres
  3 death knights
  13 centaur warriors
  8 alligators
  35 dancing weapons
  4 deep troll shamans
  8 tengu warriors
  11 death yaks
  5 spectral nagas
  21 naga sharpshooters
  A spectral dire elephant (Tar:2)
  A deep troll earth mage (Depths:4)
  4 vampire magi
  40 hell hogs
  7 hell knights
  An orc high priest (Elf:1)
  9 soul eaters
  5 thrashing horrors
  9 spriggan berserkers
  5 shock serpents
  20 deep elf knights
  Sonja (Lair:5)
  14 sun demons
  6 wretched stars
  19 starcursed masses
  A skeletal warrior (D:13)
  A fire crab (Abyss:3)
  3 shadow wraiths
  3 sixfirhies
  4 glowing orange brains
  A spriggan rider (Depths:1)
  7 goliath frogs
  5 spriggan druids
  8 spatial maelstroms
  A deep troll (shapeshifter) (Depths:4)
  An orb spider (Zig:1)
  2 flayed ghosts (Depths:2)
  73 deep trolls
  7 spriggan simulacra
  13 swamp dragons
  8 salamander mystics
  2 anaconda zombies (Hell)
  6 naga ritualists
  9 bog bodies
  An orange crystal statue (Zig:2)
  17 deep elf archers
  35 ironbound convokers
  4 obsidian statues
  Pikel (D:8)
  5 phantasmal warriors
  10 wizards
  13 lindwurms
  38 deep elf pyromancers
  8 harpies
  6 mana vipers
  35 deep elf zephyrmancers
  5 orc sorcerers
  7 shining eyes
  A cyclops (shapeshifter) (Vaults:2)
  A sphinx zombie (Depths:1)
  5 necromancers
  An oklob plant (Depths:3)
  3 spectral ettins
  4 orc knights
  2 will-o-the-wisps
  21 salamanders
  A worldbinder (Abyss:2)
  A salamander (shapeshifter) (Depths:3)
  60 ugly things
  35 elephants
  5 cyclopes
  An iron dragon skeleton (Vaults:5)
  4 manticores
  A stone giant skeleton (Vaults:5)
  5 guardian serpents
  23 moths of wrath
  3 apocalypse crabs (Abyss:1)
  13 smoke demons
  13 vault sentinels
  7 rust devils
  31 black mambas
  2 centaur zombies (D:15)
  An eye of devastation (Slime:5)
  6 ice statues
  8 molten gargoyles
  A torpor snail (Lair:4)
  14 naga magi
  13 cane toads
  6 gargoyles (WizLab)
  4 orange demons
  2 unseen horrors (D:13)
  8 hellions
  5 centaur skeletons
  A human zombie (Vaults:5)
  9 rime drakes
  6 freezing wraiths
  13 komodo dragons
  Maggie (D:8)
  25 yaktaurs
  2 tengu conjurers
  4 kobold demonologists (D:4)
  17 tormentors
  9 entropy weaver simulacra (IceCv)
  An anaconda simulacrum (Abyss:4)
  7 ancient zymes
  An elf skeleton (Vaults:5)
  7 ice devils
  2 sea snake zombies (Hell)
  A hellwing (Depths:2)
  4 spectral harpies
  2 red devils (Hell)
  A sea snake skeleton (Hell)
  6 tyrant leeches
  6 trolls
  6 polar bears
  10 raiju
  A troll (shapeshifter) (Zig:9)
  A spriggan skeleton (Depths:1)
  A silent spectre (Tar:1)
  30 saltlings
  28 blink frogs
  2 hydra skeletons (Hell)
  113 slime creatures
  An alligator zombie (Hell)
  Grinder (D:6)
  A spriggan zombie (Depths:1)
  18 hornets
  A centaur simulacrum (D:15)
  29 dream sheep
  A flying skull (Abyss:1)
  2 jumping spiders (Vaults:1)
  4 shadows
  An ettin zombie (Vaults:5)
  A spriggan (shapeshifter) (Vaults:5)
  2 culicivoras
  A vampire (D:13)
  16 spriggans
  38 yaks
  8 air elementals
  3 humans (D:13)
  7 wraiths
  4 wyverns
  4 ynoxinuls
  10 water elementals
  Grum (D:11)
  6 dire elephant simulacra
  3 fire elementals
  8 fire bats (Volcano)
  2 steam dragons (D:9)
  7 basilisks
  4 hogs (D:13)
  4 chaos spawn
  3 neqoxecs
  4 golden eyes (Slime:4)
  16 vampire mosquitoes
  20 large abominations
  4 redbacks (Vaults:1)
  5 minotaur simulacra (IceCv)
  A harpy simulacrum (IceCv)
  15 spatial vortices
  14 swamp worms
  Edmund (D:6)
  32 nagas
  13 hell hounds
  2 acid dragons
  26 water moccasins
  3 hydra simulacra
  8 swamp drakes
  An ice beast (Abyss:1)
  31 orc warriors
  A black bear (shapeshifter) (Vaults:5)
  A naga skeleton (Hell)
  An alligator simulacrum (IceCv)
  3 sky beasts
  An ettin simulacrum (IceCv)
  14 wolves
  6 ogres
  A boggart (D:13)
  An ogre (shapeshifter) (Vaults:5)
  A black mamba simulacrum (Lair:2)
  3 lemures (D:9)
  2 phantoms (D:6)
  24 centaurs
  9 kobold brigands
  Blork the orc (D:6)
  19 bullfrogs
  3 necrophages
  7 deep troll simulacra (IceCv)
  11 earth elementals
  2 gnoll sergeants
  2 scorpions (D:5)
  A cane toad simulacrum (Lair:2)
  17 small abominations
  5 wights (D:9)
  10 killer bees
  2 lindwurm simulacra (IceCv)
  3 electric eels
  6 howler monkeys
  5 lava snakes (Volcano)
  2 crimson imps
  Crazy Yiuf (D:2)
  2 jellies
  4 quasits
  2 gnoll shamans
  10 orc priests
  3 hounds
  An iron imp (Abyss:3)
  3 iguanas
  21 orc wizards
  2 lightning spires (WizLab)
  A yak simulacrum (Lair:2)
  A polar bear simulacrum (Lair:2)
  A wolf simulacrum (Lair:2)
  A bullfrog simulacrum (Lair:2)
  10 gnolls
  4 adders
  2 shadow imps
  6 white imps
  An ufetubus (Abyss:4)
  5 worms
  3 dart slugs
  55 orcs
  4 bats
  6 endoplasms
  5 giant cockroaches
  9 goblins
  8 hobgoblins
  A jackal (Sewer)
  3 quokkas
  4 ball pythons
  3 frilled lizards
  26 kobolds
  8 rats
  7 creeping infernos
  21 fire vortices
  A fungus (Lair:5)
  12 starspawn tentacles
  4 tentacles (Abyss:3)
2805 creatures vanquished.

Vanquished Creatures (others)
  A draconian knight (Zig:4)
  A yellow draconian (Zot:1)
  A soul eater (Zig:8)
  A shadow wraith (Tar:3)
  A deep troll (Vaults:1)
  A goliath frog (Swamp:3)
  A lindwurm (Swamp:4)
  2 bloated husks
  A tyrant leech (Swamp:4)
  A naga (Snake:2)
  A swamp worm (Swamp:4)
  An orc (Elf:1)
  2 demonic plants (Abyss:3)
  3 fire vortices
  8 foxfires
  22 fungi
  61 plants
  16 starspawn tentacles
  6 toadstools (Swamp:2)
131 creatures vanquished.

Grand Total: 2936 creatures vanquished

Notes
Turn   | Place    | Note
-------+----------+-------------------------------------------
     0 | D:1      | jlumianski the Demonspawn Fighter began the quest for the
                  | Orb.
     0 | D:1      | Reached XP level 1. HP: 18/18 MP: 1/1
   112 | D:1      | Gained mutation: You have large cloven feet. [demonic
                  | ancestry]
   112 | D:1      | Reached XP level 2. HP: 17/24 MP: 2/2
   506 | D:1      | Found a faded altar of an unknown god.
   587 | D:1      | Gained mutation: You regenerate magic rapidly. [demonic
                  | ancestry]
   587 | D:1      | Reached XP level 3. HP: 29/29 MP: 3/3
  1075 | D:2      | Identified the +2 robe of Perfidy {Fly rCorr Dex-2}
  1260 | D:2      | Gained mutation: You have hoof-like feet. [demonic
                  | ancestry]
  1260 | D:2      | Reached XP level 4. HP: 35/35 MP: 4/4
  1427 | D:2      | Found a runed translucent door.
  1428 | D:2      | Noticed Crazy Yiuf
  1435 | D:2      | Killed Crazy Yiuf
  1773 | D:3      | Found a sparkling altar of Nemelex Xobeh.
  1801 | D:3      | Gained mutation: You have hooves in place of feet. [demonic
                  | ancestry]
  1801 | D:3      | Reached XP level 5. HP: 36/42 MP: 5/5
  2182 | D:3      | Identified a scroll of acquirement
  2183 | D:3      | Acquired the +14 obsidian axe {vorpal, Mesm Drain Fly SInv}
  2183 | D:3      | Found the +14 obsidian axe {vorpal, Mesm Drain Fly SInv}
  2324 | D:4      | Reached skill level 4 in Fighting
  3315 | D:5      | Entered Level 5 of the Dungeon
  3370 | D:5      | Noticed a yak
  3374 | D:5      | Reached XP level 6. HP: 40/48 MP: 6/6
  3376 | D:5      | Killed a yak
  3380 | D:5      | Reached skill level 5 in Axes
  3380 | D:5      | Gained mutation: You are partially covered in sharp spines.
                  | [demonic ancestry]
  3380 | D:5      | Reached XP level 7. HP: 29/55 MP: 7/7
  3413 | D:5      | Noticed a kobold demonologist
  3417 | D:5      | Noticed a kobold demonologist
  3417 | D:5      | Noticed a kobold demonologist
  3819 | D:5      | Found Ciwylep's Antique Weapon Shop.
  3888 | D:5      | Identified the +1 robe of the Fiend {+Inv}
  3957 | D:5      | Noticed a kobold demonologist
  3972 | D:5      | Noticed a hellwing
  4064 | D:4      | Noticed a rust devil
  4067 | D:4      | Noticed a sixfirhy
  4069 | D:4      | Killed a kobold demonologist
  4070 | D:4      | Reached XP level 8. HP: 61/61 MP: 8/8
  4088 | D:4      | Killed a kobold demonologist
  4089 | D:4      | Reached skill level 5 in Fighting
  4089 | D:4      | Reached skill level 1 in Throwing
  4089 | D:4      | Reached skill level 5 in Armour
  4272 | D:5      | Noticed a soul eater
  4278 | D:4      | Killed a kobold demonologist
  4448 | D:5      | Noticed a sun demon
  4449 | D:5      | Noticed a soul eater
  4499 | D:4      | Noticed an ice devil
  4501 | D:4      | Killed a kobold demonologist
  4502 | D:4      | Reached skill level 1 in Stealth
  4597 | D:5      | Found a staircase to the Ecumenical Temple.
  4782 | D:6      | Reached XP level 9. HP: 60/68 MP: 9/9
  4868 | D:6      | Found Buesasso's Assorted Antiques.
  4903 | D:6      | Reached skill level 6 in Fighting
  4928 | D:6      | Noticed Edmund
  4937 | D:6      | Killed Edmund
  4954 | D:6      | Got Sif Muna's Guide on the Entourage
  5021 | D:6      | Noticed Blork the orc
  5027 | D:6      | Killed Blork the orc
  5032 | D:6      | Found a glowing drain.
  5061 | Sewer    | Entered a sewer
  5346 | D:6      | Found an ornate altar of the Wu Jian Council.
  5362 | D:6      | Noticed Grinder
  5372 | D:6      | Killed Grinder
  5421 | Temple   | Entered the Ecumenical Temple
  5567 | Temple   | Became a worshipper of Warmaster Okawaru
  5794 | D:5      | Bought a runed war axe for 188 gold pieces
  6181 | D:7      | Reached * piety under Okawaru
  6310 | D:7      | Reached skill level 7 in Fighting
  6310 | D:7      | Reached XP level 10. HP: 49/79 MP: 10/10
  6466 | D:7      | Found a snail-covered altar of Cheibriados.
  6468 | D:7      | Found a shimmering blue altar of Sif Muna.
  7268 | D:8      | Reached ** piety under Okawaru
  7272 | D:8      | Reached skill level 10 in Axes
  7288 | D:8      | Noticed Maggie
  7299 | D:8      | Killed Maggie
  7985 | D:9      | Found a broken altar of Ashenzari.
  8045 | D:9      | Noticed Pikel
  8047 | D:9      | Noticed a two-headed ogre
  8067 | D:9      | Reached skill level 1 in Invocations
  8336 | D:9      | Identified the +1 cloak "Bephaifa" {rPois Str+6 Int-3}
  8352 | D:9      | Found a sacrificial altar of Ru.
  8637 | D:9      | Reached *** piety under Okawaru
  8680 | D:8      | Killed Pikel
  8934 | D:9      | Identified the ring "Weckelo" {rPois rN+ rCorr}
  9009 | D:9      | Noticed a wizard
  9015 | D:9      | Killed a wizard
  9016 | D:9      | Gained mutation: When hurt, damage is shared between your
                  | health and your magic reserves. [demonic ancestry]
  9016 | D:9      | Reached XP level 11. HP: 82/85 MP: 12/14
  9189 | D:9      | Identified the +6 scale mail "Ijeczoud" {Rampage}
  9267 | D:9      | Killed a two-headed ogre
  9267 | D:9      | Reached **** piety under Okawaru
  9286 | D:9      | Received a gift from Okawaru
  9665 | D:10     | Entered Level 10 of the Dungeon
  9698 | D:10     | Reached skill level 1 in Dodging
  9727 | D:10     | Noticed a two-headed ogre
  9736 | D:10     | Killed a two-headed ogre
  9737 | D:10     | Reached skill level 8 in Fighting
  9737 | D:10     | Reached skill level 5 in Invocations
  9935 | D:10     | Reached ***** piety under Okawaru
 10419 | D:11     | Noticed Grum
 10424 | D:11     | Killed Grum
 10754 | D:11     | Found a staircase to the Lair.
 10896 | D:11     | Noticed a purple ugly thing
 10906 | D:11     | Killed a purple ugly thing
 11182 | D:11     | Noticed Fannar
 11190 | D:11     | Killed Fannar
 11564 | D:12     | Found Padol's Armour Emporium.
 11651 | D:12     | Identified the +0 pair of gloves of Indecent Exposure
                  | {Str+2 SInv} (Okawaru gifted it to you on level 12 of the
                  | Dungeon)
 11651 | D:12     | Received a gift from Okawaru
 11660 | D:12     | Reached XP level 12. HP: 89/94 MP: 15/17
 11718 | D:12     | Reached skill level 5 in Shields
 11781 | D:12     | Found a staircase to the Orcish Mines.
 11846 | D:12     | Found Ekuadiurgh's Antique Weapon Boutique.
 11854 | D:12     | Reached skill level 9 in Fighting
 11990 | D:12     | Noticed a centaur warrior
 11994 | D:12     | Killed a centaur warrior
 12006 | D:12     | Identified the +1 helmet of Disappointment {Rampage Will+}
 12346 | D:12     | Noticed a boulder beetle
 12356 | D:12     | Killed a boulder beetle
 12562 | D:13     | Noticed Nessos
 12563 | D:13     | Noticed Josephine
 12578 | D:13     | Killed Nessos
 12583 | D:13     | Killed Josephine
 12749 | D:13     | Found Wairubab's Jewellery Shop.
 12811 | D:13     | Noticed a centaur warrior
 12820 | D:13     | Killed a centaur warrior
 12898 | D:13     | Found Qyfoa's Weapon Boutique.
 12932 | D:13     | Noticed a centaur warrior
 12938 | D:13     | Killed a centaur warrior
 12938 | D:13     | Reached ****** piety under Okawaru
 13232 | D:13     | Received a gift from Okawaru
 13858 | D:13     | Reached XP level 13. HP: 92/103 MP: 17/20
 13861 | D:13     | Reached skill level 10 in Fighting
 14051 | D:13     | Found a gate to the Vaults.
 14268 | D:13     | Noticed Snorg
 14277 | D:13     | Killed Snorg
 14277 | D:13     | Received a gift from Okawaru
 14312 | D:13     | Reached skill level 10 in Invocations
 14606 | D:13     | Found Teudac's Antique Armour Shoppe.
 14781 | D:13     | Noticed Kirke
 14792 | D:13     | Killed Kirke
 14792 | D:13     | Received a gift from Okawaru
 15411 | Lair:1   | Entered Level 1 of the Lair of Beasts
 15512 | Orc:1    | Entered Level 1 of the Orcish Mines
 15634 | Orc:2    | Entered Level 2 of the Orcish Mines
 15667 | Orc:2    | Found a dark tunnel.
 15676 | Volcano  | Entered a volcano
 16212 | Volcano  | Found a bloodstained altar of Trog.
 16549 | Volcano  | Noticed a red draconian
 16567 | Volcano  | Killed a red draconian
 16715 | Orc:2    | Identified the +6 shortbow of Jaxzet {freeze, rF+ rN+
                  | Dex-4} (Okawaru gifted it to you on level 2 of the Orcish
                  | Mines)
 16715 | Orc:2    | Received a gift from Okawaru
 17239 | Orc:2    | Found a staircase to the Elven Halls.
 17436 | Orc:2    | Found Voune's Book Shop.
 17436 | Orc:2    | Found Vuoduann's Weapon Emporium.
 17438 | Orc:2    | Found Tacvow's Antique Armour Shoppe.
 17440 | Orc:2    | Found Sotas's Antique Armour Boutique.
 17960 | Orc:2    | Bought 6 poisoned darts for 31 gold pieces
 17963 | Orc:2    | Bought a glowing scarf for 280 gold pieces
 17963 | Orc:2    | Bought a crude scale mail for 315 gold pieces
 17963 | Orc:2    | Identified the +6 scale mail of the Tanner {Will++ rCorr}
                  | (You bought it in a shop on level 2 of the Orcish Mines)
 18464 | Lair:1   | Reached XP level 14. HP: 111/111 MP: 22/22
 18508 | Lair:1   | Received a gift from Okawaru
 18545 | Lair:1   | Reached skill level 11 in Fighting
 19133 | Lair:1   | Identified the +2 hat "Ipharad" {+Inv rC+ rN+ Dex+2}
                  | (Okawaru gifted it to you on level 1 of the Lair of Beasts)
 19133 | Lair:1   | Received a gift from Okawaru
 19179 | Lair:1   | Reached skill level 10 in Armour
 19761 | Lair:2   | Identified the +0 robe of Zinem {Int+3}
 19976 | Lair:2   | Reached skill level 15 in Axes
 20169 | Lair:2   | Found a runed translucent gate.
 20169 | Lair:2   | Found a runed translucent gate.
 20169 | Lair:2   | Found a runed translucent gate.
 20210 | Lair:2   | Noticed testman's ghost (journeyman DDNe)
 20263 | Lair:2   | Killed testman's ghost
 20330 | Lair:2   | Got the ring of Ucueleg {Fire Will+ Int-4 Dex+4}
 20961 | Lair:3   | Identified the +4 robe of Mordant Tender Moments {Int+7}
 21151 | Lair:3   | Identified the +3 chain mail "Nuvourch" {rF+ Will+ Dex-4
                  | Stlth+} (Okawaru gifted it to you on level 3 of the Lair of
                  | Beasts)
 21151 | Lair:3   | Received a gift from Okawaru
 21228 | Lair:3   | You fall into a shaft and drop 1 floor!
 21321 | Lair:4   | Found a staircase to the Swamp.
 21596 | Lair:3   | Found a staircase to the Snake Pit.
 21883 | Lair:3   | Identified the +10 mace "Kiozai Weba" {elec, Str+4 Int-4
                  | Dex+5}
 22806 | Lair:4   | Reached skill level 12 in Fighting
 23461 | Lair:5   | Gained mutation: You are partially covered in molten
                  | scales. (AC +2) [demonic ancestry]
 23461 | Lair:5   | Reached XP level 15. HP: 87/120 MP: 16/24
 23476 | Lair:5   | Identified the +0 helmet of the Lotus Blossom {rN+}
                  | (Okawaru gifted it to you on level 5 of the Lair of Beasts)
 23476 | Lair:5   | Received a gift from Okawaru
 23878 | Lair:5   | Found a runed translucent door.
 23879 | Lair:5   | Found a shimmering altar of Xom.
 23879 | Lair:5   | Noticed IdlyInterested's ghost (journeyman DsGl)
 23895 | Lair:5   | Killed IdlyInterested's ghost
 24028 | Lair:5   | Noticed Sonja
 24035 | Lair:5   | Killed Sonja
 24197 | Lair:5   | Identified the +1 robe of Egalitarianism {rCorr Int-4
                  | Dex+7}
 24404 | Lair:6   | Entered Level 6 of the Lair of Beasts
 24446 | Lair:6   | Found a runed translucent door.
 24809 | Lair:6   | Noticed Hywoepirr's ghost (journeyman OgSu)
 24828 | Lair:6   | Killed Hywoepirr's ghost
 25063 | Lair:6   | Received a gift from Okawaru
 25063 | Lair:6   | Found the +8 mithril axe "Arga" {speed, Will+}
 25402 | Lair:6   | Identified the -1 kite shield "Giuwn" {rF++ rCorr} (Okawaru
                  | gifted it to you on level 6 of the Lair of Beasts)
 25402 | Lair:6   | Received a gift from Okawaru
 25426 | Lair:6   | Identified the +9 long sword of Watchfulness {pain, rF+ rC+
                  | Dex+2}
 25542 | Lair:6   | Reached skill level 13 in Fighting
 25752 | Lair:6   | Identified the ring of Gekeym {*Corrode rN+ Will+ Int+5
                  | Stlth+}
 25786 | Lair:6   | Found a staircase to the Slime Pits.
 26557 | D:14     | Reached skill level 5 in Dodging
 26568 | D:14     | Gained mutation: You are mostly covered in sharp spines.
                  | [demonic ancestry]
 26568 | D:14     | Reached XP level 16. HP: 60/130 MP: 13/27
 27082 | D:14     | Reached skill level 15 in Invocations
 27131 | D:14     | Found Mebe's Antique Weapon Boutique.
 27533 | D:14     | Reached skill level 1 in Evocations
 27860 | D:15     | Entered Level 15 of the Dungeon
 28000 | D:15     | Received a gift from Okawaru
 28373 | D:15     | Identified Roxanne's Reference Book on Transmutation
 28373 | D:15     | Noticed Roxanne
 28393 | D:15     | Killed Roxanne
 28717 | D:15     | Found a staircase to the Depths.
 29289 | Swamp:1  | Entered Level 1 of the Swamp
 29302 | Swamp:1  | Identified the +1 scale mail of the Leaf {MP+9 Int+2}
                  | (Okawaru gifted it to you on level 1 of the Swamp)
 29302 | Swamp:1  | Received a gift from Okawaru
 31008 | Swamp:2  | Noticed a thorn hunter
 31014 | Swamp:2  | Killed a thorn hunter
 31725 | Swamp:2  | Identified the +8 short sword of Infinite Pain {antimagic,
                  | Fly rC- Str+6 SInv}
 31941 | Swamp:3  | Identified the +10 broad axe of Equilibrium {freeze, rF++
                  | rC- Str+4 Dex+2} (Okawaru gifted it to you on level 3 of
                  | the Swamp)
 31941 | Swamp:3  | Received a gift from Okawaru
 32697 | Swamp:3  | Reached skill level 14 in Fighting
 32697 | Swamp:3  | Gained mutation: Your magical and physical power is
                  | slightly enhanced at high health. [demonic ancestry]
 32697 | Swamp:3  | Reached XP level 17. HP: 36/139 MP: 8/29
 32698 | Swamp:3  | Identified the +8 scale mail "Otynn" {rC+ Will- Str+2
                  | Int+10} (Okawaru gifted it to you on level 3 of the Swamp)
 32698 | Swamp:3  | Received a gift from Okawaru
 33409 | Swamp:4  | Entered Level 4 of the Swamp
 33417 | Swamp:3  | Reached skill level 5 in Evocations
 33425 | Swamp:4  | Identified the +3 ring mail of Fanaticism {Fly}
 34471 | Swamp:3  | Reached skill level 1 in Maces & Flails
 34648 | Arena    | Entered the Arena
 35215 | Swamp:3  | Identified the +1 robe of the Earth {Int+7 Dex+2 Slay+2}
                  | (Okawaru gifted it to you on level 3 of the Swamp)
 35215 | Swamp:3  | Received a gift from Okawaru
 35414 | Arena    | Entered the Arena
 36007 | Swamp:4  | Got a decaying rune of Zot
 36447 | Snake:1  | Entered Level 1 of the Snake Pit
 36604 | Snake:1  | Found Kassyge's Jewellery Shop.
 36604 | Snake:1  | Found Bifaeron's Weapon Boutique.
 36631 | Snake:1  | Bought a +4 ring of slaying for 858 gold pieces
 37077 | Snake:1  | Identified the +8 flail "Ycuoz" {antimagic, rF+ rC+}
 38119 | Snake:1  | Received a gift from Okawaru
 38675 | Snake:2  | Noticed Vashnia
 38730 | Snake:2  | Killed Vashnia
 39001 | Snake:2  | Found Biowoc's Jewellery Boutique.
 39002 | Snake:2  | Found Piobuoma's Book Emporium.
 39002 | Snake:2  | Found Picej's Book Emporium.
 40058 | Snake:3  | Gained mutation: When low on magic, you restore magic in
                  | place of health. [demonic ancestry]
 40058 | Snake:3  | Reached XP level 18. HP: 74/148 MP: 20/30
 40415 | Snake:3  | Reached skill level 15 in Fighting
 41311 | Snake:4  | Entered Level 4 of the Snake Pit
 41315 | Snake:4  | Noticed Mara
 41326 | Snake:4  | Identified the +10 crystal plate armour of Daffodils
                  | {*Corrode rPois Will+ Str+8} (Okawaru gifted it to you on
                  | level 4 of the Snake Pit)
 41326 | Snake:4  | Received a gift from Okawaru
 41329 | Snake:4  | Noticed jlumianski's illusion
 41353 | Snake:4  | Killed Mara
 41760 | Snake:4  | Found Ywnup's Mayhem Merchandise.
 42935 | Snake:4  | Reached skill level 10 in Shields
 43001 | Snake:4  | Received a gift from Okawaru
 44030 | Snake:4  | Got a serpentine rune of Zot
 44108 | Snake:4  | Noticed Mlioglotl
 44114 | Snake:4  | Killed Mlioglotl
 44440 | Elf:1    | Entered Level 1 of the Elven Halls
 44448 | Elf:1    | Reached skill level 16 in Fighting
 44658 | Elf:1    | Received a gift from Okawaru
 44670 | Elf:1    | Found a frozen archway.
 44711 | IceCv    | Entered an ice cave
 44994 | IceCv    | Reached XP level 19. HP: 134/157 MP: 27/32
 45384 | IceCv    | Found the +8 frozen axe "Frostbite" {freezing cloud, *Noise
                  | Fly rC+}
 45385 | IceCv    | Identified the +7 quarterstaff "Luzytamu" {freeze, Int+3
                  | Stlth+}
 45540 | IceCv    | Received a gift from Okawaru
 46219 | Elf:1    | Paralysed by an air elemental for 1 turns
 47457 | Elf:1    | Noticed a Tzitzimitl
 47495 | Elf:1    | Gained mutation: Your spells are a little easier to cast,
                  | but a little less powerful. [a neqoxec]
 47689 | Elf:1    | Identified the +7 shortbow "Xyboip" {venom, Int+6}
 47707 | Elf:1    | Found a runed translucent gate.
 47707 | Elf:1    | Found a runed translucent gate.
 47707 | Elf:1    | Found a runed translucent gate.
 47707 | Elf:1    | Found a runed translucent gate.
 47707 | Elf:1    | Found a runed translucent gate.
 47709 | Elf:1    | Found a runed translucent gate.
 47850 | Elf:1    | Received a gift from Okawaru
 48181 | Elf:2    | Paralysed by an air elemental for 1 turns
 48191 | Elf:2    | Paralysed by an air elemental for 1 turns
 48199 | Elf:1    | Received a gift from Okawaru
 48787 | Elf:2    | Reached skill level 17 in Fighting
 49125 | Elf:2    | Found Aschixtiu's Jewellery Boutique.
 49384 | Elf:2    | Paralysed by an air elemental for 1 turns
 49438 | Elf:2    | Found a runed translucent gate.
 49438 | Elf:2    | Found a runed translucent gate.
 49438 | Elf:2    | Found a runed translucent gate.
 49560 | Elf:2    | Reached skill level 10 in Evocations
 49601 | Elf:2    | Received a gift from Okawaru
 50040 | Elf:3    | Entered Level 3 of the Elven Halls
 50565 | Elf:3    | Reached XP level 20. HP: 133/168 MP: 30/33
 50795 | Elf:3    | Received a gift from Okawaru
 51769 | Elf:3    | Identified the ring "Selun" {*Corrode rPois rC+ MP+9}
 51769 | Elf:3    | Identified the +2 leather armour "Enwuo" {rPois Stlth+}
 51813 | Elf:3    | HP: 1/159 [deep elf death mage/bolt of negative energy
                  | (27)]
 52409 | Elf:3    | Identified the ring "Zoytz" {rCorr EV+4}
 52411 | Elf:3    | Reached skill level 18 in Fighting
 52850 | Elf:3    | Identified the +6 rapier "Gafizebb" {freeze, +Blink Str+4}
 52852 | Elf:3    | Identified the +5 tower shield of Xagruapi {rC+} (Okawaru
                  | gifted it to you on level 3 of the Elven Halls)
 52852 | Elf:3    | Received a gift from Okawaru
 53107 | Elf:3    | Found the +3 Elemental Staff {rElec rF++ rC++ AC+5}
 53116 | Elf:3    | Got the Tome of the Compass
 53159 | Elf:3    | Identified the +2 pair of boots of Insecurity {Harm rElec
                  | rPois}
 53178 | Elf:3    | Identified the +1 plate armour of the Fiend {Int+4 Dex+2}
 53275 | Elf:3    | Got the Guide on Gliding Evil
 54238 | Vaults:1 | Entered Level 1 of the Vaults
 54291 | Vaults:1 | Noticed Nikola
 54317 | Vaults:1 | Killed Nikola
 55134 | Vaults:1 | Identified the +7 fustibalus of Intimidation {freeze, Fly
                  | rPois rF- rN++} (Okawaru gifted it to you on level 1 of the
                  | Vaults)
 55134 | Vaults:1 | Received a gift from Okawaru
 55354 | Vaults:2 | Gained mutation: You are mostly covered in molten scales.
                  | (AC +3) [demonic ancestry]
 55354 | Vaults:2 | Reached XP level 21. HP: 179/179 MP: 34/34
 55438 | Vaults:2 | Reached skill level 19 in Fighting
 55529 | Vaults:2 | Noticed Jory
 55532 | Vaults:2 | Found a crumbling gateway.
 55547 | Vaults:2 | Killed Jory
 55584 | Desolati | Entered the Desolation of Salt
 55592 | Desolati | Identified the +4 shortbow of Supply {venom, *Slow rC++
                  | MP+9 Dex+2} (Okawaru gifted it to you in the Desolation of
                  | Salt)
 55592 | Desolati | Received a gift from Okawaru
 55869 | Desolati | Identified the -2 pair of boots "Zopsomill" {rElec}
 55884 | Desolati | Got the Handbook of the Traveller and Enchantment
 56265 | Desolati | Identified the +4 plate armour of Keecesh {+Inv rN++}
 56275 | Desolati | Identified the +11 double sword of Muompast {freeze, *Noise
                  | +Blink rPois Stlth+}
 56308 | Desolati | Got the Disquisition on Virous Illusion
 56316 | Desolati | Received a gift from Okawaru
 56340 | Desolati | Identified the +1 halberd of Tinionity {freeze, Drain rCorr
                  | SInv}
 56358 | Desolati | Identified the +1 halberd of Ynayme {vorpal, Fragile rC-
                  | rN++ rCorr Dex+8}
 56362 | Desolati | Identified the -7 pair of boots "Erosiseh" {rCorr Int+3
                  | SInv}
 56372 | Desolati | Identified the amulet "Laomale" {Spirit Str-5 Int+6}
 56839 | Vaults:2 | Noticed Frederick
 56844 | Vaults:2 | Killed Frederick
 57243 | Vaults:2 | Reached skill level 15 in Armour
 57390 | Vaults:2 | Identified the +1 ring mail "Zedgh" {Harm rN+ Stlth+}
                  | (Okawaru gifted it to you on level 2 of the Vaults)
 57390 | Vaults:2 | Received a gift from Okawaru
 57399 | Vaults:2 | Found a staircase to the Crypt.
 58041 | Vaults:3 | Reached skill level 20 in Fighting
 58490 | Vaults:3 | Identified the +9 great mace of Charity {holy, *Slow rElec
                  | Str+2 Dex+6}
 58526 | Vaults:3 | Gained mutation: Your magical and physical power is
                  | enhanced at high health. [demonic ancestry]
 58526 | Vaults:3 | Reached XP level 22. HP: 187/190 MP: 35/35
 58668 | Vaults:3 | Reached skill level 15 in Shields
 58840 | Vaults:3 | Found Ninoihez's Distillery.
 58848 | Vaults:3 | Bought a potion of heal wounds for 75 gold pieces
 59882 | Vaults:4 | Received a gift from Okawaru
 60096 | Vaults:4 | Noticed Xtahua
 60103 | Vaults:4 | Killed Xtahua
 60106 | Vaults:4 | Found Otou's General Store.
 60400 | Vaults:4 | Identified the +1 scale mail of Inaction {Regen+ Int+4}
                  | (Okawaru gifted it to you on level 4 of the Vaults)
 60400 | Vaults:4 | Received a gift from Okawaru
 61523 | Vaults:5 | Entered Level 5 of the Vaults
 61811 | Vaults:4 | Reached skill level 21 in Fighting
 61855 | Vaults:5 | Noticed a golden dragon
 61859 | Vaults:5 | Noticed a dread lich
 62021 | Vaults:4 | Killed a dread lich
 62314 | Vaults:5 | Noticed a golden dragon
 62316 | Vaults:5 | Identified the +1 hat "Icioxtoa" {Rampage rPois rC++ Slay-4
                  | SInv} (Okawaru gifted it to you on level 5 of the Vaults)
 62316 | Vaults:5 | Received a gift from Okawaru
 62317 | Vaults:5 | Noticed a golden dragon
 62320 | Vaults:5 | Killed a golden dragon
 62324 | Vaults:4 | Killed a golden dragon
 62632 | Arena    | Entered the Arena
 63343 | Vaults:4 | Killed a golden dragon
 63344 | Vaults:4 | Reached XP level 23. HP: 187/200 MP: 34/36
 63622 | Arena    | Entered the Arena
 65047 | Vaults:5 | Identified the +7 chain mail of Porafad {Regen+ Str-5
                  | Int+3} (Okawaru gifted it to you on level 5 of the Vaults)
 65047 | Vaults:5 | Received a gift from Okawaru
 65205 | Vaults:4 | Reached skill level 15 in Evocations
 65401 | Vaults:5 | Identified the +9 great sword of Resumed Hostilities
                  | {vorpal, Str+3}
 65529 | Vaults:5 | Got a silver rune of Zot
 65537 | Vaults:5 | Identified the +6 longbow of Cijih {flame, Will+ Str+2}
 65553 | Vaults:5 | Got the Tome of Unstable Poison
 65856 | Vaults:5 | Found Ruez's Distillery.
 65860 | Vaults:5 | Bought a potion of heal wounds for 70 gold pieces
 65860 | Vaults:5 | Bought a potion of mutation for 112 gold pieces
 65860 | Vaults:5 | Bought a potion of heal wounds for 70 gold pieces
 65860 | Vaults:5 | Bought a potion of heal wounds for 70 gold pieces
 65890 | Vaults:5 | Identified the +1 helmet of Servitude {Rampage Fly rElec
                  | Slay-5}
 66510 | Depths:1 | Entered Level 1 of the Depths
 66512 | Depths:1 | Found a one-way gateway to a ziggurat.
 66523 | Depths:1 | Found a gateway to Hell.
 66572 | Depths:1 | Found a magical portal.
 66585 | WizLab   | Entered Maxwell's Workshop
 66872 | WizLab   | Identified the ring "Zafokk" {Fire rCorr}
 67025 | WizLab   | Reached skill level 1 in Staves
 67348 | WizLab   | Received a gift from Okawaru
 67353 | WizLab   | Identified the ring of Deaciew {Ice Dex+6}
 67690 | WizLab   | Identified the +1 buckler of the Storm King {Dex+3 SInv}
 68596 | Depths:1 | Found a huge runed gate.
 68596 | Depths:1 | Found a huge runed gate.
 68596 | Depths:1 | Found a huge runed gate.
 68596 | Depths:1 | Found a huge runed gate.
 68597 | Depths:1 | Found a huge runed gate.
 68597 | Depths:1 | Found a huge runed gate.
 68597 | Depths:1 | Found a huge runed gate.
 68600 | Depths:1 | Found a huge runed gate.
 68601 | Depths:1 | Found a huge runed gate.
 68601 | Depths:1 | Found a huge runed gate.
 68606 | Depths:1 | Found a huge runed gate.
 68606 | Depths:1 | Found a huge runed gate.
 68606 | Depths:1 | Found a huge runed gate.
 68606 | Depths:1 | Found a huge runed gate.
 68606 | Depths:1 | Found a huge runed gate.
 68606 | Depths:1 | Found a huge runed gate.
 68610 | Depths:1 | Found a huge runed gate.
 68611 | Depths:1 | Found a huge runed gate.
 68612 | Depths:1 | Found a huge runed gate.
 68621 | Depths:1 | Found a huge runed gate.
 68621 | Depths:1 | Found a huge runed gate.
 68621 | Depths:1 | Found a huge runed gate.
 68621 | Depths:1 | Found a huge runed gate.
 68621 | Depths:1 | Found a huge runed gate.
 68621 | Depths:1 | Found a huge runed gate.
 68627 | Depths:1 | Found a huge runed gate.
 68628 | Depths:1 | Found a huge runed gate.
 68629 | Depths:1 | Found a huge runed gate.
 68637 | Depths:1 | Found a huge runed gate.
 68637 | Depths:1 | Found a huge runed gate.
 68637 | Depths:1 | Found a huge runed gate.
 68637 | Depths:1 | Found a huge runed gate.
 68637 | Depths:1 | Found a huge runed gate.
 68637 | Depths:1 | Found a huge runed gate.
 68640 | Depths:1 | Found a huge runed gate.
 68641 | Depths:1 | Found a huge runed gate.
 68730 | Depths:1 | Reached skill level 22 in Fighting
 68750 | Depths:1 | Identified the +4 lajatang of Qiodigha {vorpal, Dex+2}
 69148 | Depths:1 | Gained mutation: You are completely covered in molten
                  | scales. (AC +4, rF+) [demonic ancestry]
 69148 | Depths:1 | Reached XP level 24. HP: 181/210 MP: 34/36
 69344 | Depths:2 | Received a gift from Okawaru
 69352 | Depths:2 | Noticed Asterion
 69477 | Depths:1 | Killed Asterion
 69762 | Depths:2 | Found a one-way gate to the infinite horrors of the Abyss.
 69947 | Depths:2 | Found an ornate altar of the Wu Jian Council.
 69949 | Depths:2 | Found an iron altar of Okawaru.
 69949 | Depths:2 | Found an iron altar of Okawaru.
 69951 | Depths:2 | Found a shimmering altar of Xom.
 69951 | Depths:2 | Found a shimmering altar of Xom.
 70024 | Depths:2 | Found a one-way gate leading to the halls of Pandemonium.
 70350 | Depths:2 | Found the brooch of Shielding {Spirit SH+8}
 70602 | Depths:2 | Received a gift from Okawaru
 70848 | Depths:3 | Reached skill level 5 in Staves
 70917 | Depths:3 | Found a flickering gateway to a bazaar.
 70952 | Bazaar   | Entered a bazaar
 70956 | Bazaar   | Found Wiozalul's Jewellery Shop.
 70985 | Bazaar   | Found Ziteahass's Armour Emporium.
 71005 | Bazaar   | Found Qimaseyd's Antique Armour Boutique.
 71016 | Bazaar   | Found Viofoone's Weapon Shop.
 71045 | Bazaar   | Found Ehysoiry's General Store.
 71053 | Bazaar   | Bought a potion of mutation for 80 gold pieces
 71556 | Depths:3 | Found an ornate altar of the Wu Jian Council.
 71631 | Depths:3 | Identified the +0 tower shield "Soupoefi" {Str+6} (Okawaru
                  | gifted it to you on level 3 of the Depths)
 71631 | Depths:3 | Received a gift from Okawaru
 71809 | Depths:4 | Entered Level 4 of the Depths
 71826 | Depths:4 | Noticed a juggernaut
 71838 | Depths:4 | Killed a juggernaut
 72196 | Depths:4 | Noticed a juggernaut
 72206 | Depths:4 | Killed a juggernaut
 72252 | Depths:4 | Got the Disquisition on Toxic Shape Shifting
 72294 | Depths:4 | Reached skill level 23 in Fighting
 72946 | Slime:1  | Entered Level 1 of the Pits of Slime
 73057 | Slime:1  | Gained mutation: Armour fits poorly on your strangely
                  | shaped body. [a shining eye]
 73581 | Slime:2  | Identified the +0 hat "Lirav" {rC+ Str+3} (Okawaru gifted
                  | it to you on level 2 of the Pits of Slime)
 73581 | Slime:2  | Received a gift from Okawaru
 73801 | Slime:5  | Entered Level 5 of the Pits of Slime
 73909 | Slime:4  | Gained mutation: You are completely covered in sharp
                  | spines. [demonic ancestry]
 73909 | Slime:4  | Reached XP level 25. HP: 173/221 MP: 28/36
 74624 | Slime:5  | Noticed the Royal Jelly
 74627 | Arena    | Entered the Arena
 74635 | Arena    | Killed the Royal Jelly
 74965 | Slime:5  | Got Qajugi's Disquisition on Unholy Secrets and
                  | Confrontation
 75003 | Slime:5  | Identified the +1 robe of Gexzeuse {Harm Will+}
 75093 | Slime:5  | Got a slimy rune of Zot
 75723 | Depths:2 | Voluntarily entered the Abyss.
 76487 | Depths:2 | Escaped the Abyss
 76991 | Depths:4 | Found a gate to the Realm of Zot.
 77479 | Zot:1    | Entered Level 1 of the Realm of Zot
 77664 | Zot:1    | Found the +10 dark maul {vorpal}
 77937 | Zot:1    | Received a gift from Okawaru
 79254 | Zot:2    | Reached skill level 10 in Staves
 79574 | Zot:2    | Reached skill level 24 in Fighting
 80496 | Zot:3    | Noticed a Killer Klown
 80511 | Zot:3    | Killed a Killer Klown
 80711 | Zot:3    | Noticed an orb of fire
 80726 | Zot:3    | Killed an orb of fire
 80800 | Zot:3    | Received a gift from Okawaru
 80862 | Zot:3    | Gained mutation: Your magical and physical power is greatly
                  | enhanced at high health. [demonic ancestry]
 80862 | Zot:3    | Reached XP level 26. HP: 152/230 MP: 26/36
 81815 | Zig:1    | Entered Level 1 of a ziggurat
 81841 | Zig:2    | Entered Level 2 of a ziggurat
 81842 | Zig:2    | Noticed Perat the pandemonium lord
 81855 | Zig:2    | Killed Perat the pandemonium lord
 81875 | Zig:2    | Identified the +5 scimitar of Iquf {antimagic, rElec SInv}
 81880 | Zig:3    | Entered Level 3 of a ziggurat
 81914 | Zig:4    | Entered Level 4 of a ziggurat
 81941 | Zig:4    | Identified the +7 war axe "Tuidi" {flame, *Slow Dex+5}
                  | (Okawaru gifted it to you on level 4 of a ziggurat)
 81941 | Zig:4    | Received a gift from Okawaru
 81955 | Zig:4    | Identified the +7 shortbow "Pomirghun" {freeze, Int+2}
 81960 | Zig:5    | Entered Level 5 of a ziggurat
 82014 | Zig:6    | Entered Level 6 of a ziggurat
 82065 | Zig:7    | Entered Level 7 of a ziggurat
 82071 | Zig:7    | Gained mutation: Potions are less effective at restoring
                  | your health. [a shining eye]
 82158 | Zig:8    | Entered Level 8 of a ziggurat
 82204 | Zig:8    | Identified the +8 falchion "Qoomik" {vorpal, rN+ Will+
                  | Str+3}
 82206 | Zig:8    | Got the Grimoire of Enchantment
 82324 | Zig:8    | Lost mutation: Armour fits poorly on your strangely shaped
                  | body. [potion of mutation]
 82324 | Zig:8    | Lost mutation: Potions are less effective at restoring your
                  | health. [potion of mutation]
 82324 | Zig:8    | Lost mutation: Your spells are a little easier to cast, but
                  | a little less powerful. [potion of mutation]
 82324 | Zig:8    | Gained mutation: You tend to lose your temper in combat.
                  | [potion of mutation]
 82324 | Zig:8    | Gained mutation: Your flesh is heat resistant. (rF+)
                  | [potion of mutation]
 82325 | Zig:8    | Lost mutation: Your flesh is heat resistant. (rF+) [potion
                  | of mutation]
 82325 | Zig:8    | Lost mutation: You tend to lose your temper in combat.
                  | [potion of mutation]
 82325 | Zig:8    | Gained mutation: Your magical capacity is low. (-10% MP)
                  | [potion of mutation]
 82325 | Zig:8    | Gained mutation: Your muscles are strong. (Str +2) [potion
                  | of mutation]
 82331 | Zig:9    | Entered Level 9 of a ziggurat
 82341 | Zig:9    | Paralysed by an air elemental for 1 turns
 82363 | Zig:9    | Got Sif Muna's Tome of Cankerous Earth
 82412 | Zig:10   | Entered Level 10 of a ziggurat
 82422 | Zig:10   | Noticed Geqifoeh the pandemonium lord
 82434 | Zig:10   | Identified the ring "Asmuameo" {rF+ rN+ EV+4}
 82438 | Depths:1 | HP: 10/234 [hellion/damnation (10)]
 82739 | Hell     | Entered the Vestibule of Hell
 82739 | Hell     | Noticed Geryon
 82908 | Depths:1 | Reached skill level 25 in Fighting
 82926 | Depths:1 | Identified the +7 trident of the Demagogue {antimagic, rC+
                  | rCorr Int+3 Dex-3} (Okawaru gifted it to you on level 1 of
                  | the Depths)
 82926 | Depths:1 | Received a gift from Okawaru
 83351 | Hell     | Gained mutation: You sometimes lose the ability to read
                  | scrolls when taking damage. [a cacodemon]
 83369 | Hell     | Killed Geryon
 83595 | D:11     | Lost mutation: Your muscles are strong. (Str +2) [potion of
                  | mutation]
 83595 | D:11     | Lost mutation: Your magical capacity is low. (-10% MP)
                  | [potion of mutation]
 83595 | D:11     | Gained mutation: You have supernaturally acute eyesight.
                  | (SInv) [potion of mutation]
 83595 | D:11     | Gained mutation: Armour fits poorly on your strangely
                  | shaped body. [potion of mutation]
 83596 | D:11     | Lost mutation: Armour fits poorly on your strangely shaped
                  | body. [potion of mutation]
 83596 | D:11     | Lost mutation: You sometimes lose the ability to read
                  | scrolls when taking damage. [potion of mutation]
 83596 | D:11     | Gained mutation: You are agile. (Dex +2) [potion of
                  | mutation]
 83596 | D:11     | Gained mutation: You have a somewhat thin skeletal
                  | structure. (Dex +2, Stealth+) [potion of mutation]
 83813 | Hell     | Found a gateway to the decaying netherworld of Tartarus.
 83916 | Hell     | Found a gateway to the freezing wastes of Cocytus.
 83999 | Hell     | Found a gateway to the Iron City of Dis.
 84104 | Hell     | Found a gateway to the ashen valley of Gehenna.
 84341 | Tar:1    | Entered Level 1 of Tartarus
 85242 | Tar:2    | Received a gift from Okawaru
 86839 | Tar:3    | You fall into a shaft and drop 1 floor!
 87467 | Geh:1    | Entered Level 1 of Gehenna
 87643 | Geh:1    | Reached XP level 27. HP: 190/193 MP: 36/36
 87681 | Geh:1    | Identified the +1 robe of the Eight Boll Weevils {Int+6}
                  | (Okawaru gifted it to you on level 1 of Gehenna)
 87681 | Geh:1    | Received a gift from Okawaru
 90536 | Depths:2 | Voluntarily entered the Abyss.
 91307 | Abyss:4  | Found a corrupted altar of Lugonu.
 91641 | Depths:2 | Escaped the Abyss
 92018 | Zot:4    | Reached skill level 26 in Fighting
 92502 | Zot:4    | Noticed an orb of fire
 92516 | Zot:4    | Killed from afar by a shard shrike

Illustrated notes

Levels and vault maps discovered:
D:1:      saegor_arrival_simple_a, layout_rooms,
          shapermc_ecumenical_altar_mp_highgroup
D:2:      layout_rooms, uniq_crazy_yiuf_cottage
D:3:      layout_basic, mainiacjoe_overflow_tiny_flanked, grunt_ministairs_13
D:4:      layout_layer_cave
D:5:      layout_rooms, minmay_temple_entry_from_below_a, serial_shops, shop,
          kennysheep_nondescript, st_stairs_9
D:6:      layout_rooms, elyvilon_altar_3, mainiacjoe_overflow_boulevard,
          cheibrodos_sewer_entry_bend, serial_shops, kennysheep_mini_moat,
          uniq_blork_the_orc, uniq_edmund, uniq_grinder
D:7:      layout_loops_corners, grunt_temple_overflow_open
D:8:      layout_basic, uniq_maggie
D:9:      hangedman_cross_stitches, layout_loops_ring, evilmike_ruin_ashenzari,
          mainiacjoe_overflow_paths, serial_bayou_pond_e,
          dreamdust_wishing_well, lightli_wizard_tower, uniq_pikel
D:10:     layout_cave_pools
D:11:     layout_stronghold, lair_entry_dummy, minivault_20, uniq_grum,
          uniq_fannar
D:12:     layout_stronghold, orc_0_dummy, serial_shops, nicolae_shop_trees,
          kennysheep_little_box
D:13:     layout_stronghold, hangedman_vaults_entry_quadrant_bands,
          serial_shops, nicolae_shop_waterfront, shop, nicolae_diamond_shop,
          hex_tiny, minmay_increasing_density, uniq_nessos, uniq_snorg,
          uniq_josephine, uniq_kirke
D:14:     layout_loops_ring, chequers_serial_rivers_large_a, serial_shops, shop,
          grunt_ogre_cave
D:15:     grunt_enter_depths_magical_seal, layout_irregular_city, uniq_roxanne
Temple:   dpeg_chambers_temple
Lair:1:   layout_layer_cave, serial_bayou_shore_a
Lair:2:   layout_cellular_growth, gammafunk_ghost_icy, minmay_hedge_maze,
          dreamdust_gnoll_shepherd
Lair:3:   layout_regular_city, minmay_snake_entry_six_corridors,
          grunt_megastairs_5, infiniplex_staircase_pool
Lair:4:   layout_layer_cave, minmay_swamp_entry_worms, gauntlet_entry_generic,
          ldierk_geyser, fungi_pond_lemuel, amcnicky_mini_pool_medium
Lair:5:   layout_cave_shapes, ebering_ghost_xom, serial_bayou_lagoon_a,
          chequers_serial_rivers_micro_c, uniq_sonja
Lair:6:   grunt_lair_end_beastmaster, layout_gridlike, dpeg_slime_entry_corner,
          ebering_ghost_inner_flame
Swamp:1:  layout_basic_swamp, evilmike_swamp_ruin_house_6, swamp_pool5
Swamp:2:  cheibrodos_swamp_tower_of_moss, layout_basic_swamp,
          evilmike_swamp_ruin_house_3
Swamp:3:  layout_falls_marsh, evilmike_swamp_ruin_rubble_1, swamp_pool3,
          nicolae_swamp_soggy_hallways
Swamp:4:  swamp_alternative, layout_basic_swamp, swamp_pool3
Snake:1:  layout_honeycomb, serial_bayou_shore_b, minmay_shoptagon
Snake:2:  layout_chambers, minmay_shop_grove, uniq_vashnia
Snake:3:  layout_misc_corridors
Snake:4:  snake_pit, layout_chambers, minmay_shop_mayhem, uniq_mara,
          uniq_mlioglotl
Slime:1:  cheibrodos_slime_lost_civilization_10, layout_caves
Slime:2:  layout_caves, cheibrodos_slime_lost_civilization_6
Slime:3:  layout_caves
Slime:4:  layout_caves
Slime:5
Orc:1:    layout_caves
Orc:2:    st_orc_rangers, layout_caves, enter_volcano_1
Elf:1:    minmay_elf_arrival_summoners, layout_loops_cross,
          portal_ice_cave_entry_ugly_swarm, orc_legates, st_stairs_4
Elf:2:    nicolae_elf_blades_splatter_lattice [nicolae_blade_lattice],
          layout_gridlike, serial_shops, shop, serial_sigils_hangedman_carve,
          hangedman_elf_represent
Elf:3:    nooodl_elf_gasket, layout_gridlike
Vaults:1: grunt_vaults_diagonal, grunt_vaults_hallway_long,
          nicolae_vaults_alarming, v_misc_18, hangedman_vaults_nodes, v_misc_1,
          vaults_dpeg_spiral, hangedman_vaults_restitches, vaults_mumra_hex,
          v_alt_pattern_4, ontoclasm_vaults_ligature, v_alt_pattern_1,
          layout_vaults_maze_snakey, uniq_nikola
Vaults:2: portal_desolation_entry_nicolae_nacl, vaults_room_glass_cross,
          hangedman_vaults_unwind, ontoclasm_vaults_misaligned,
          vaults_mumra_minichess_inversion, v_misc_16,
          nicolae_vaults_shelves_hall, hangedman_vaults_nails,
          vaults_room_fancy_cross, minmay_crypt_entry_simple_plaza,
          vaults_room_door_ring, vaults_room_door_ring, vaults_dpeg_hooks,
          v_alt_pattern_5, nicolae_vaults_network_s, hangedman_vaults_slice,
          v_misc_23, layout_vaults_omnibox, uniq_frederick, uniq_jory
Vaults:3: ontoclasm_vaults_ring_small, nicolae_vaults_little_squares_3,
          dpeg_vaults_monster_row, ontoclasm_vaults_tryst,
          dpeg_vaults_monster_box, vaults_room_corners,
          ontoclasm_vaults_decontamination, vaults_dpeg_diagonal,
          layout_vaults_quadrants, serial_shops, nicolae_square_shop
Vaults:4: nicolae_vaults_twisting_passages, nicolae_vaults_circle_grid_a,
          nicolae_vaults_bisected_slash, v_misc_5, v_alt_pattern_4,
          nicolae_vaults_diagonal_hallway_9, vaults_room_grid,
          vaults_dpeg_encased_lava, vaults_room_ringed_pool,
          vaults_mumra_chevron, v_misc_5, vaults_mumra_bighexcomb,
          layout_vaults_big_room, serial_shops, nicolae_shop_stone, uniq_xtahua
Vaults:5
Depths:1: layout_cave_pools, enter_ziggurat_c, infiniplex_enter_wizlab_glasses,
          chequers_serial_rivers_marsh, hell_entry, door_vault
Depths:2: minmay_inside_and_out, layout_cave_shapes, doesnt_xom_only_xom,
          grunt_pan_entry_spiral, abyss_entry, hell_entry,
          nicolae_twisting_strands, kilobyte_mutagenic_chamber, uniq_asterion
Depths:3: dpeg_oklob_shooting_range, layout_gridville, nzn_wu_jian_council_hall,
          abyss_entry_small_statue_room, serial_shops, bzr_in_the_mist,
          hellmouth_2
Depths:4: grunt_zot_entry_hairpin, layout_cave_pools, pf_dread_powers_of_hell,
          nicolae_wwwww, zin_angel
Hell
Geh:1:    layout_gehenna_pools_triple
Geh:2:    layout_gehenna_pools_box, nicolae_geh_single_fiery_grave
Geh:3:    layout_gehenna_pools_triple
Geh:4:    layout_gehenna_pools_triple
Geh:5:    layout_gehenna_lava_caves
Tar:1:    layout_cathedral_of_symmetry, nicolae_tar_combstack
Tar:2:    layout_cathedral_of_symmetry
Tar:3:    layout_grid_maze, nicolae_tar_cuneiform_sun
Tar:4:    layout_cathedral_of_symmetry
Tar:5:    layout_cathedral_of_symmetry, nicolae_tar_cuneiform_city
Zot:1:    layout_gridville, grunt_ministairs_8
Zot:2:    layout_twisted_circle
Zot:3:    layout_misc_corridors
Zot:4:    layout_cathedral_of_symmetry, hangedman_elemental_grid_stream

Skill      XL: |  1  2  3  4  5  6  7  8  9 10 11 12 13 14 15 16 17 18 19 20 21 22 23 24 25 26 27 |
---------------+----------------------------------------------------------------------------------+-----
Shields        | 3 4 5 6 7 8 9 10 12 13 14 16 17 18 19 21 | 21.5
Axes           | 2 3 4 5 6 8 9 11 12 13 14 15 16 17 | 17.9
Armour         | 3 4 5 6 8 9 10 11 12 13 14 15 16 17 18 19 | 19.5
Fighting       | 4 5 7 8 9 10 12 13 14 16 17 18 20 21 22 23 24 25 26 | 26.1
Throwing       | 1 2 3 |  3.0
Stealth        | 1 2 3 |  3.0
Invocations    | 4 7 9 11 13 14 16 17 18 | 18.4
Dodging        | 2 3 4 5 6 |  6.7
Evocations     | 4 7 8 10 11 13 14 15 | 15.2
Maces & Flails | 2 |  2.8
Staves         | 3 7 10 12 13 | 13.1

Action                   |  1- 3 |  4- 6 |  7- 9 | 10-12 | 13-15 | 16-18 | 19-21 | 22-24 | 25-27 || total
-------------------------+-------+-------+-------+-------+-------+-------+-------+-------+-------++-------
Melee: War axe           |    91 |    33 |   151 |   351 |   636 |       |       |       |       ||  1262
       Kick              |    10 |    13 |    46 |   118 |   329 |   450 |   455 |   592 |   803 ||  2816
       Broad axe         |       |    22 |     7 |       |   202 |  1002 |  1048 |  1055 |  1417 ||  4753
       Mace              |       |       |       |       |       |    74 |       |       |       ||    74
       Lajatang          |       |       |       |       |       |       |       |    63 |    97 ||   160
       Punch             |       |       |       |       |       |       |       |       |    14 ||    14
Throw: Dart              |       |       |     6 |     2 |     4 |       |       |       |       ||    12
       Boomerang         |       |       |       |       |       |    11 |     1 |     2 |       ||    14
       Throwing net      |       |       |       |       |       |       |       |       |     3 ||     3
Invok: Heroism           |       |       |       |     1 |     5 |     8 |     4 |       |     4 ||    22
       Finesse           |       |       |       |     1 |     5 |     4 |     3 |       |     8 ||    21
       Duel              |       |       |       |       |       |     2 |       |     2 |     1 ||     5
Evoke: Wand              |       |       |       |       |     1 |       |       |       |     2 ||     3
       Phial of floods   |       |       |       |       |       |     2 |       |       |       ||     2
       Lightning rod     |       |       |       |       |       |     1 |     1 |     3 |       ||     5
       Tin of tremorston |       |       |       |       |       |       |     4 |     8 |     5 ||    17
       Condenser vane    |       |       |       |       |       |       |       |       |     2 ||     2
  Use: Potion            |     2 |     2 |     2 |     5 |     1 |     6 |     4 |     2 |    11 ||    35
       Scroll            |       |    11 |     3 |    10 |     6 |     6 |     4 |     6 |     5 ||    51
 Stab: Petrified         |       |       |       |       |     2 |       |       |       |       ||     2
       Petrifying        |       |       |       |       |     1 |       |       |       |       ||     1
Armor: Scale mail        |    36 |       |       |   149 |   335 |   442 |       |       |       ||   962
       Plate armour      |     5 |    29 |    81 |    67 |       |       |       |       |       ||   182
       Crystal plate arm |       |       |       |       |       |    85 |   404 |   491 |   657 ||  1637
Dodge: Dodged            |    33 |     8 |    23 |   158 |   304 |   414 |   156 |   256 |   348 ||  1700
Block: Buckler           |    29 |    15 |    25 |    82 |   234 |     6 |       |       |       ||   391
       Kite shield       |       |       |       |       |       |   506 |   248 |       |       ||   754
       Tower shield      |       |       |       |       |       |       |   374 |   905 |   907 ||  2186

Table legend: (Time is in decaauts)
 A = Elapsed time spent in this place.
 B = Non-inter-level travel time spent in this place.
 C = Inter-level travel time spent in this place.
 D = Time resting spent in this place.
 E = Time spent auto-exploring this place.
 F = Levels seen in this place.
 G = Mean time per level.
                   A        B        C        D        E       F      G
               +--------+--------+--------+--------+--------+-----+--------+
         Total |  91323 |  83231 |   8092 |  21308 |  34270 |  91 | 1003.5 |
       Dungeon |  22302 |  18078 |   4224 |   2671 |  10353 |  15 | 1486.8 |
        Temple |    177 |    172 |      5 |      0 |      0 |   1 |  177.0 |
          Lair |   8978 |   7889 |   1089 |    643 |   5213 |   6 | 1496.3 |
         Swamp |   7016 |   6767 |    249 |   2935 |   2332 |   4 | 1754.0 |
     Snake Pit |   7496 |   7170 |    326 |   2175 |   3435 |   4 | 1874.0 |
    Slime Pits |   2122 |   2122 |      0 |   1175 |    104 |   5 |  424.4 |
  Orcish Mines |   2584 |   2490 |     94 |   1273 |    368 |   2 | 1292.0 |
   Elven Halls |   7050 |   6759 |    291 |   2110 |   2186 |   3 | 2350.0 |
        Vaults |  10604 |  10051 |    553 |   3073 |   4101 |   5 | 2120.8 |
        Depths |   7153 |   6392 |    761 |   1402 |   2647 |   4 | 1788.2 |
          Hell |   1659 |   1486 |    173 |    754 |    283 |   1 | 1659.0 |
       Gehenna |   1992 |   1911 |     81 |    215 |    504 |   5 |  398.4 |
      Tartarus |   1524 |   1468 |     56 |    416 |    249 |   5 |  304.8 |
           Zot |   4059 |   3873 |    186 |    813 |   1369 |   4 | 1014.8 |
         Abyss |   1717 |   1717 |      0 |     24 |    394 |   6 |  286.2 |
      Ziggurat |    546 |    546 |      0 |    175 |      0 |  10 |   54.6 |
        Bazaar |    111 |    111 |      0 |      0 |      0 |   1 |  111.0 |
         Sewer |    157 |    157 |      0 |      0 |      0 |   1 |  157.0 |
      Ice Cave |    986 |    986 |      0 |    328 |    268 |   1 |  986.0 |
       Volcano |   1015 |   1015 |      0 |    589 |    168 |   1 | 1015.0 |
        Wizlab |   1144 |   1144 |      0 |    303 |    293 |   1 | 1144.0 |
    Desolation |    803 |    803 |      0 |    192 |      0 |   1 |  803.0 |
         Arena |    117 |    117 |      0 |     40 |      0 |   5 |   23.4 |
               +--------+--------+--------+--------+--------+-----+--------+

Top non-repeatable levels by time:
Vaults:4: 3905 daAuts
 Swamp:3: 3740 daAuts
    D:11: 2996 daAuts
    D:13: 2991 daAuts
Depths:1: 2652 daAuts
   Elf:2: 2560 daAuts
    D:15: 2378 daAuts
Vaults:3: 2337 daAuts
   Elf:3: 2256 daAuts
 Snake:4: 2244 daAuts
   Elf:1: 2233 daAuts
 Snake:2: 2138 daAuts
Depths:4: 2072 daAuts
   Orc:2: 1898 daAuts
    D:12: 1876 daAuts
